 Dungeon Crawl Stone Soup version 0.31.0-11-ge490571c62 (webtiles) character file.

Game seed: 6138600956782904601

461 Peloso the Slasher (level 6, 0/56 HPs)
             Began as a Minotaur Fighter on Feb 7, 2024.
             Slain by Pikel
             ... wielding a +2 whip of flaming
              (1 damage)
             ... on level 4 of the Dungeon.
             The game lasted 00:05:26 (3299 turns).

Peloso the Slasher (Minotaur Fighter)               Turns: 3299, Time: 00:05:28

Health: 0/56       AC: 15    Str: 21    XL:     6   Next: 79%
Magic:  5/5        EV:  6    Int:  5    God:
Gold:   235        SH:  5    Dex: 11    Spells: 5/5 levels left

rFire   . . .        a - +0 long sword
rCold   . . .        d - +0 buckler
rNeg    . . .        c - +0 plate armour
rPois   .            (helmet restricted)
rElec   .            j - +2 cloak
rCorr   .            (no gloves)
SInv    .            (no boots)
Will    .....        (no amulet) Stlth
                     (no ring)
HPRegen 0.29/turn    (no ring)
MPRegen 0.09/turn

%: no passive effects
@: no status effects
A: horns 2, retaliatory headbutt
a: no special abilities


You were on level 4 of the Dungeon.
You visited 1 branch of the dungeon, and saw 4 of its levels.

You collected 235 gold pieces.

Inventory:

Hand Weapons
 a - a +0 long sword (weapon)
Armour
 b - a +0 scale mail
 c - a +0 plate armour (worn)
 d - a +0 buckler (worn)
 j - a +2 cloak (worn)
Jewellery
 h - an amulet of regeneration
 n - an amulet of faith
 r - a ring of resist corrosion
Scrolls
 e - a scroll of summoning {unknown}
 k - a scroll of blinking {unknown}
 m - 2 scrolls of poison
 s - a scroll of amnesia {unknown}
Potions
 f - a potion of might
 g - a potion of magic {unknown}
 i - 2 potions of enlightenment
 l - 2 potions of heal wounds {unknown}
 o - 2 potions of mutation {unknown}
 p - a potion of haste {unknown}
 q - a potion of curing {unknown}
 t - a potion of brilliance {unknown}
 u - a potion of berserk rage {unknown}


   Skills:
 + Level 5.4 Fighting
 + Level 5.9 Long Blades
 + Level 5.4 Armour
 + Level 0.2 Dodging
 + Level 0.5 Stealth
 + Level 4.5 Shields


You had 5 spell levels left.
You didn't know any spells.
Your spell library contained the following spells:

 Spells                   Type           Power      Damage    Failure   Level
 Freeze                   Ice            0%         1d3       100%        1
 Frozen Ramparts          Ice            0%         1d1       100%        3
 Hailstorm                Conj/Ice       0%         3d5       100%        3


Dungeon Overview and Level Annotations

Branches:
Dungeon (4/15)
 Temple: D:4-7

Altars:
Fedhas
Qazlal

Annotations:
D:4 Pikel


Innate Abilities, Weirdness & Mutations

You have a pair of horns on your head.
You reflexively headbutt those who attack you in melee.


Message History

Pikel is almost dead.
Pikel hits you with a +2 whip of flaming.
* * * LOW HITPOINT WARNING * * *
Pikel burns you.
* * * LOW HITPOINT WARNING * * *
You closely miss Pikel.
Pikel is almost dead.
Pikel hits you but does no damage.
You hit Pikel but do no damage. You headbutt Pikel, but do no damage.
Pikel is almost dead.
You block Pikel's attack.
You hit Pikel but do no damage.
Pikel is almost dead.
Pikel says, "All the lords of Hell know my name!"
Pikel hits you but does no damage.
You hit Pikel. Your headbutt misses Pikel.
Pikel is almost dead.
Pikel hits you with a +2 whip of flaming.
* * * LOW HITPOINT WARNING * * *
Pikel burns you.
* * * LOW HITPOINT WARNING * * *
You hit Pikel but do no damage.
Pikel is almost dead.
Pikel hits you with a +2 whip of flaming.
* * * LOW HITPOINT WARNING * * *
Pikel burns you.
* * * LOW HITPOINT WARNING * * *
Pikel hits you but does no damage.
Okay, then.
You aren't carrying any items that you can evoke.
Unknown command.
Unknown command.
You closely miss Pikel.
Pikel is almost dead.
Pikel cracks his whip.
Pikel hits you with a +2 whip of flaming.
* * * LOW HITPOINT WARNING * * *
Pikel burns you.
You die...
Pikel says, "See you in Hell!"

#
#.......####....#....#5........
#
#........##..##.#55...##.......
# ######...##.###.#.....#
##..... #####
###......#.......### #....
....######..###.....###...##
.#..
......<.)...#####..........# #
.
.......####.##...........#.##.#
.........##....###S.†..........
......##........@K55.....#....#
......# #......###5......####..
......# #......# #.......# .#
.....## ##.....# #.......#
.....## ####### #.......#
......# #.......# ......#
#.......# ......# #########
......#


You could see Pikel, 3 lemures and a ball python.

Vanquished Creatures
  A water moccasin (D:3)
  An ogre (D:3)
  A phantom (D:4)
  A scorpion (D:4)
  Robin (D:3)
  An adder (D:2)
  A white imp (D:4)
  6 ribbon worms
  2 dart slugs
  7 orcs
  6 ball pythons
  8 endoplasms
  2 giant cockroaches
  13 goblins
  6 hobgoblins
  7 jackals
  3 quokkas
  3 bats (D:3)
  4 frilled lizards
  4 kobolds
  9 rats
87 creatures vanquished.

Notes
Turn   | Place    | Note
-------+----------+-------------------------------------------
     0 | D:1      | Peloso the Minotaur Fighter began the quest for the Orb.
     0 | D:1      | Reached XP level 1. HP: 19/19 MP: 0/0
   176 | D:1      | Reached XP level 2. HP: 27/27 MP: 1/1
   945 | D:2      | Reached XP level 3. HP: 32/33 MP: 2/2
  2058 | D:3      | Reached XP level 4. HP: 41/41 MP: 3/3
  2329 | D:3      | Noticed an ogre
  2409 | D:4      | Noticed Robin
  2409 | D:4      | Noticed a water moccasin
  2427 | D:3      | Killed a water moccasin
  2428 | D:3      | Reached XP level 5. HP: 13/47 MP: 4/4
  2627 | D:3      | HP: 1/47 [ogre/+0 giant spiked club (8)]
  2628 | D:3      | Killed an ogre
  2629 | D:3      | Reached skill level 5 in Fighting
  2629 | D:3      | Reached skill level 5 in Long Blades
  2629 | D:3      | Reached skill level 5 in Armour
  2629 | D:3      | Reached XP level 6. HP: 2/56 MP: 5/5
  3049 | D:3      | Killed Robin
  3110 | D:4      | Found a blossoming altar of Fedhas.
  3116 | D:4      | Found a stormy altar of Qazlal.
  3260 | D:4      | Noticed Pikel
  3299 | D:4      | HP: 1/56 [Pikel/+2 whip of flaming (4)]
  3299 | D:4      | Slain by Pikel

Illustrated notes

Levels and vault maps discovered:
D:1:      psy_arrival_dodecagon, layout_basic
D:2:      wad_river_or_something, layout_basic
D:3:      layout_rooms
D:4:      layout_rooms, grunt_temple_overflow_forces_of_nature,
          serial_library_hellmonk_small_corner, uniq_pikel, uniq_robin

Skill      XL: |  1  2  3  4  5 |
---------------+----------------+-----
Armour         | 4 5 |  5.4
Shields        | 4 |  4.5
Fighting       | 4 5 |  5.4
Long Blades    | 3 4 5 |  5.9
Dodging        | |  0.2
Stealth        | |  0.5

Action                     |  1- 3 |  4- 6 || total
---------------------------+-------+-------++-------
  Melee: Long sword        |   101 |   131 ||   232
         Headbutt          |    12 |    23 ||    35
    Use: Scroll            |     5 |       ||     5
 Armour: Plate armour      |    81 |   167 ||   248
         Scale mail        |     3 |       ||     3
  Dodge: Dodged            |    27 |    47 ||    74
  Block: Buckler           |    28 |    31 ||    59
